 Dungeon Crawl Stone Soup version 0.21.1-1-g345015fe64 (webtiles) character file.

70 Henning the Skirmisher (level 4, -16/40 HPs)
             Began as a Minotaur Fighter on June 19, 2018.
             Demolished by an ogre
             ... wielding a +0 giant spiked club
              (21 damage)
             ... on level 3 of the Dungeon.
             The game lasted 00:03:18 (1567 turns).

Henning the Skirmisher (Minotaur Fighter)           Turns: 1567, Time: 00:03:19

Health: -16/40     AC:  8    Str: 21    XL:     4   Next: 4%
Magic:  3/3        EV:  8    Int:  5    God:
Gold:   129        SH:  9    Dex: 10    Spells: 3/3 levels left

rFire    . . .     SeeInvis .   a - +0 war axe
rCold    . . .     Gourm    .   c - +0 shield
rNeg     . . .     Faith    .   b - +0 scale mail
rPois    .         Spirit   .   (helmet restricted)
rElec    .         Reflect  .   (no cloak)
rCorr    .         Harm     .   m - +0 pair of gloves
MR       .....                  (no boots)
Stlth    ..........             i - amulet of regeneration
HPRegen  0.53/turn              (no ring)
MPRegen  0.08/turn              (no ring)

@: no status effects
A: retaliatory headbutt, horns 2
a: no special abilities


You were on level 3 of the Dungeon.
You were not hungry.

You visited 1 branch of the dungeon, and saw 3 of its levels.

You collected 129 gold pieces.

Inventory:

Hand Weapons
 a - a +0 war axe (weapon)
Armour
 b - a +0 scale mail (worn)
 c - a +0 shield (worn)
 m - a +0 pair of gloves (worn)
Jewellery
 i - an amulet of regeneration (around neck)
 n - a +3 ring of intelligence {unknown}
Scrolls
 e - 5 scrolls of identify {unknown}
 k - a scroll of blinking {unknown}
 o - 2 scrolls of enchant weapon {unknown}
Potions
 d - 2 potions of might
 g - a potion of berserk rage {unknown}
 h - 2 potions of curing {unknown}
 l - 3 potions of haste {unknown}
Comestibles
 f - 3 rations
 j - 4 chunks of flesh


   Skills:
 + Level 4.2 Fighting
 + Level 3.1 Axes
 + Level 4.2 Armour
 + Level 1.5 Dodging
 + Level 4.1 Shields


You had 3 spell levels left.
You didn't know any spells.

Dungeon Overview and Level Annotations

Branches:
Dungeon (3/15)

Altars:

Annotations:
D:3 Artool's ghost, amateur DsAK; Natasha


Innate Abilities, Weirdness & Mutations

You reflexively headbutt those who attack you in melee.
You have a pair of horns on your head.


Message History

You see here a dagger.
You see here a bat skeleton.
You see here a dagger.
The ogre barely misses you.
You barely miss the ogre. You block the ogre's attack.
You hit the ogre. You headbutt the ogre!
The ogre is heavily wounded.
The ogre barely misses you.
You hit the ogre but do no damage. You headbutt the ogre.
The ogre is heavily wounded.
The ogre hits you with a giant spiked club!
You closely miss the ogre.
The ogre is heavily wounded.
The ogre hits you with a giant spiked club!!
Ouch! That really hurt!
* * * LOW HITPOINT WARNING * * *
You see here a dagger.
The ogre hits you with a giant spiked club!!
Ouch! That really hurt!
You die...

...# #... #..#
#...#.K# #...#..#
#r.O#..# ...#..#
..#..##############
#.#......KO@<.....#
#.#.#############...
#...# #.### #. #. ##


You could see an ogre and a kobold.

Vanquished Creatures
  2 adders (D:2)
  2 dart slugs (D:2)
  A leopard gecko (D:2)
  An orc (D:3)
  2 giant cockroaches (D:1)
  6 goblins (D:1)
  4 hobgoblins
  7 kobolds
  A ball python (D:2)
  9 bats
  5 frilled lizards
  11 rats
51 creatures vanquished.

Notes
Turn   | Place    | Note
-------+----------+-------------------------------------------
     0 | D:1      | Henning the Minotaur Fighter began the quest for the Orb.
     0 | D:1      | Reached XP level 1. HP: 19/19 MP: 0/0
   157 | D:1      | Reached XP level 2. HP: 27/27 MP: 1/1
   571 | D:1      | Reached skill level 1 in Dodging
   897 | D:2      | Reached XP level 3. HP: 30/33 MP: 2/2
  1489 | D:3      | Noticed Artool's ghost (amateur DsAK)
  1493 | D:3      | Noticed Natasha
  1533 | D:3      | Reached XP level 4. HP: 40/40 MP: 3/3
  1548 | D:3      | Noticed an ogre
  1567 | D:3      | Demolished by an ogre

Skill      XL: |  1  2  3 |
---------------+----------+-----
Dodging        | 1 |  1.5
Fighting       | 4 |  4.2
Armour         | 4 |  4.2
Shields        | 4 |  4.1
Axes           | 3 |  3.1

Action                   |  1- 3 |  4- 6 || total
-------------------------+-------+-------++-------
Melee: War axe           |   111 |     6 ||   117
       Headbutt          |     8 |     3 ||    11
  Eat: Chunk             |     2 |       ||     2
Armor: Scale mail        |    58 |       ||    58
Dodge: Dodged            |    36 |     2 ||    38
Block: Shield            |    65 |     2 ||    67
